 Dungeon Crawl Stone Soup version 0.22-a0-77-g0fd0111 (webtiles) character file.

2135 oplop the Chiller (level 9, -9/58 HPs)
             Began as an Octopode Ice Elementalist on Jan 14, 2018.
             Mangled by a two-headed ogre
             ... wielding a +0 giant club
              (11 damage)
             ... on level 8 of the Dungeon.
             The game lasted 00:19:26 (7837 turns).

oplop the Chiller (Octopode Ice Elementalist)       Turns: 7837, Time: 00:19:27

Health: -9/58      AC:  8    Str:  7    XL:     9   Next: 30%
Magic:  1/18       EV: 14    Int: 22    God:
Gold:   260        SH:  0    Dex: 13    Spells: 5/20 levels left

rFire    . . .     SeeInvis .   f - +2 dagger (protect)
rCold    . . .     Gourm    .   (no shield)
rNeg     . . .     Faith    .   (helmet restricted)
rPois    +         Spirit   .   (no amulet)
rElec    .         Reflect  .   q - ring of flight
rCorr    .         Harm     .   (no ring)
MR       .....                  (no ring)
Stlth    +++.......             (no ring)
HPRegen  0.19/turn              (no ring)
MPRegen  0.16/turn              (no ring)
                                (no ring)
                                (no ring)

@: protection aura, very slightly contaminated, heavily drained
A: almost no armour, stealthy swim, amphibious, 8 rings, constrict 8, camouflage
1, clever 1, poison resistance, gelatinous body 1, evolution 1
a: Evoke Flight


You were on level 8 of the Dungeon.
You were very hungry.

You visited 2 branches of the dungeon, and saw 9 of its levels.

You collected 388 gold pieces.
You spent 128 gold pieces at shops.

Inventory:

Hand Weapons
 f - a +2 dagger of protection (weapon)
Jewellery
 q - a ring of flight (left tentacle)
 A - an uncursed amulet of harm
Wands
 d - a wand of paralysis (7)
 l - a wand of acid (7)
Scrolls
 e - a scroll of noise {unknown}
 g - 2 scrolls of blinking {unknown}
 i - 3 scrolls of teleportation
 j - 3 scrolls of identify
 k - a scroll of magic mapping {unknown}
 n - 2 scrolls of fear {unknown}
 o - a scroll of summoning {unknown}
 u - a scroll of vulnerability {unknown}
 v - 3 scrolls of enchant weapon {unknown}
 w - a scroll of remove curse {unknown}
 y - a scroll of enchant armour {unknown}
 B - a scroll of immolation {unknown}
Potions
 c - a potion of resistance
 h - 2 potions of flight
 m - a potion of curing
 s - 2 potions of lignification {unknown}
 t - a potion of cancellation
 z - a potion of degeneration {unknown}
 C - a potion of might
Books
 a - a book of Frost

   Spells                             Type                      Level
   a - Freeze                         Ice                          1
   b - Throw Frost                    Conjuration/Ice              2
   c - Ozocubu's Armour               Charms/Ice                   3
   d - Throw Icicle                   Conjuration/Ice              4
   e - Summon Ice Beast               Ice/Summoning                4
 p - a book of Cantrips

   Spells                             Type                      Level
   a - Confusing Touch                Hexes                        1
   b - Animate Skeleton               Necromancy                   1
   c - Summon Small Mammal            Summoning                    1
   d - Apportation                    Translocation                1
 r - a book of Minor Magic

   Spells                             Type                      Level
   a - Magic Dart                     Conjuration                  1
   b - Blink                          Translocation                2
   c - Call Imp                       Summoning                    2
   d - Slow                           Hexes                        2
   e - Conjure Flame                  Conjuration/Fire             3
   f - Mephitic Cloud                 Conjuration/Poison/Air       3
 x - a book of Necromancy

   Spells                             Type                      Level
   a - Pain                           Necromancy                   1
   b - Animate Skeleton               Necromancy                   1
   c - Vampiric Draining              Necromancy                   3
   d - Regeneration                   Charms/Necromancy            3
   e - Animate Dead                   Necromancy                   4
   f - Borgnjor's Vile Clutch         Necromancy/Earth             5
Comestibles
 b - 13 rations
 D - a chunk of flesh


   Skills:
 + Level 4.0(2.6) Fighting
 + Level 4.7(3.4) Dodging
 - Level 2.6(1.4) Stealth
 * Level 6.0(4.6) Spellcasting
 * Level 1.7(0.4) Conjurations
 - Level 4.8(3.4) Summonings
 * Level 7.0(5.5) Ice Magic


You had 5 spell levels left.
You knew the following spells:

 Your Spells              Type           Power        Failure   Level  Hunger
a - Freeze                Ice            ####         1%          1    None
b - Ozocubu's Armour      Chrm/Ice       ###.....     10%         3    ##.....
c - Summon Ice Beast      Ice/Summ       ###.....     16%         4    ####...
d - Blink                 Tloc           N/A          16%         2    None
e - Throw Icicle          Conj/Ice       ###.....     30%         4    ####...
f - Apportation           Tloc           #.....       11%         1    None


Dungeon Overview and Level Annotations

Branches:
Dungeon (8/15)             Temple (1/1) D:5
   Lair: D:8-11

Altars:
Dithmenos
Elyvilon
Fedhas
Kikubaaqudgha
Makhleb
Okawaru
Qazlal
Ru
Sif Muna
Uskayaw
Vehumet
Wu Jian
Yredelemnul
Zin
The Shining One

Shops:
D:4 *   D:5 *   D:6 (   D:7 :

Annotations:
D:3 KristoblXynda's ghost, amateur DrCj
D:6 exclusion: door
D:8 Erica


Innate Abilities, Weirdness & Mutations

You cannot wear most types of armour.
You are very stealthy in the water. (Stealth+)
You are amphibious.
You can wear up to eight rings at the same time.
You can use your tentacles to constrict eight enemies at once.
Your skin changes colour to match your surroundings (Stealth+).
Your rubbery body absorbs attacks. (AC +1, EV +1)
Your mind is acute. (Int +2)
Your system is resistant to poisons. (rPois)
You evolve.


Message History

The two-headed ogre hits you with a giant club!
Your ice beast hits the two-headed ogre.
Your ice beast freezes the two-headed ogre.
Casting: Summon Ice Beast
Confirm with . or Enter, or press ? or * to list all spells.
You don't have enough magic to cast that spell.
Unknown command.
You hit the two-headed ogre. You squeeze the two-headed ogre.
The two-headed ogre is heavily wounded.
The hippogriff bites your ice beast.
The hippogriff barely misses your ice beast.
The hippogriff claws your ice beast.
Your ice beast hits the hippogriff.
Your ice beast freezes the hippogriff!
You hit the two-headed ogre but do no damage.
The two-headed ogre is heavily wounded.
Your icy armour evaporates.
The two-headed ogre hits you with a giant club!!
* * * LOW HITPOINT WARNING * * *
The two-headed ogre hits you with a giant club!
You die...

....................###.......#
.#####.####.#.#.###............
.#####.####.#.#.# #..##......#
............#.#.# #..##......#
....)..###..#.#.# #..##.#######
.#####.###..#.#.# #..##.......#
.# ###.#...<....# #..########.#
.# #............###..########.#
.# ###.#.#....#.@OH............
.# #.#.##.#.#..Y..#########.#.
. #.#.##.#.#..#### .#..
#.#......#..# .. .
#.####.#.#..# ## #
#.####......# #........####
##########


You could see a two-headed ogre, a hippogriff and a friendly ice beast.

Vanquished Creatures
  A wyvern (D:7)
  Menkaure (D:6)
  Duvessa (D:4)
  A water moccasin (D:5)
  3 sky beasts
  An ogre (D:5)
  3 bullfrogs
  Dowan (D:4)
  A water moccasin skeleton (D:8)
  A wight (D:6)
  A crimson imp (D:5)
  A centaur zombie (D:5)
  3 hounds
  A centaur skeleton (D:4)
  A jelly (D:6)
  A bullfrog skeleton (D:7)
  Natasha (thrice) (D:3)
  An iguana (D:4)
  5 worker ants
  Robin (D:3)
  A howler monkey zombie (D:5)
  8 adders
  6 worms
  A dart slug (D:2)
  3 leopard geckos
  9 orcs
  2 ball pythons
  8 bats
  8 giant cockroaches
  11 goblins
  6 hobgoblins
  11 jackals
  2 quokkas
  6 frilled lizards
  A jackal skeleton (D:4)
  A jackal zombie (D:7)
  7 kobolds
  A leopard gecko skeleton (D:4)
  A leopard gecko zombie (D:5)
  A quokka skeleton (D:4)
  6 rats
132 creatures vanquished.

Vanquished Creatures (collateral kills)
  An orc warrior (D:8)
  2 ice beasts
  An ogre (D:6)
  4 wights (D:6)
  2 orc wizards
  2 orc priests
  A jelly (D:6)
  A worker ant (D:7)
  The ghost of crawlian the Firebug, a weakling DEFE (D:6)
  A leopard gecko (D:4)
  2 orcs (D:6)
18 creatures vanquished.

Grand Total: 150 creatures vanquished

Notes
Turn   | Place    | Note
-------+----------+-------------------------------------------
     0 | D:1      | oplop the Octopode Ice Elementalist began the quest for the Orb.
     0 | D:1      | Reached XP level 1. HP: 11/11 MP: 3/3
   146 | D:1      | Reached XP level 2. HP: 9/17 MP: 5/5
  1070 | D:2      | Reached XP level 3. HP: 9/22 MP: 3/6
  1269 | D:2      | Learned a level 3 spell: Ozocubu's Armour
  1485 | D:2      | Reached skill level 1 in Fighting
  1554 | D:2      | Found a radiant altar of Vehumet.
  1554 | D:2      | Found a burning altar of Makhleb.
  1621 | D:2      | Reached XP level 4. HP: 28/28 MP: 8/8
  1734 | D:3      | Noticed Natasha
  2066 | D:3      | Noticed KristoblXynda's ghost (amateur DrCj)
  2147 | D:3      | Killed Natasha
  2147 | D:3      | Reached skill level 4 in Ice Magic
  2187 | D:3      | Noticed Robin
  2196 | D:3      | Reached XP level 5. HP: 33/33 MP: 4/9
  2199 | D:3      | Killed Robin
  2218 | D:3      | Noticed Natasha
  2222 | D:3      | Killed Natasha
  2274 | D:3      | Found an iron altar of Okawaru.
  2323 | D:3      | Noticed Natasha
  2337 | D:3      | Killed Natasha
  2589 | D:4      | Learned a level 4 spell: Summon Ice Beast
  2644 | D:4      | Reached XP level 6. HP: 39/39 MP: 6/11
  2674 | D:4      | Noticed Duvessa
  2676 | D:4      | Noticed Dowan
  2680 | D:5      | Entered Level 5 of the Dungeon
  2691 | D:5      | HP: 1/39 [ogre/giant club (12)]
  2693 | D:5      | Reached skill level 1 in Summonings
  3037 | D:5      | Noticed an ice beast
  3081 | D:4      | Found Laothrom's Assorted Antiques.
  3086 | D:4      | Bought a scroll labeled VODUIC JUBEST for 32 gold pieces
  3086 | D:4      | Bought a scroll labeled PYGISI ACKENKEA for 32 gold pieces
  3086 | D:4      | Bought a scroll labeled RIKHLI KITT for 32 gold pieces
  3086 | D:4      | Bought a scroll labeled BEATOUNTEJ for 32 gold pieces
  3108 | D:4      | Found a glowing golden altar of the Shining One.
  3182 | D:4      | Noticed an ice beast
  3493 | D:4      | Killed an ice beast
  3493 | D:4      | Reached skill level 5 in Ice Magic
  3493 | D:4      | Reached XP level 7. HP: 45/45 MP: 8/13
  3749 | D:4      | Killed Duvessa
  3778 | D:4      | Gained mutation: Your mind is acute. (Int +2) [potion of mutation]
  3778 | D:4      | Gained mutation: You evolve. [potion of mutation]
  3778 | D:4      | Gained mutation: You are frail. (-10% HP) [potion of mutation]
  3778 | D:4      | Gained mutation: Your system is resistant to poisons. (rPois) [potion of mutation]
  3784 | D:4      | Killed Dowan
  4352 | D:5      | Reached XP level 8. HP: 37/45 MP: 1/15
  4415 | D:5      | Found Pueb's Serpentskin Sales.
  4597 | D:5      | Found a staircase to the Ecumenical Temple.
  4703 | Temple   | Entered the Ecumenical Temple
  5158 | D:6      | Reached skill level 5 in Spellcasting
  5170 | D:6      | Noticed Menkaure
  5181 | D:6      | Killed Menkaure
  5181 | D:6      | Reached skill level 6 in Ice Magic
  5431 | D:6      | Noticed crawlian's ghost (weakling DEFE)
  5620 | D:6      | Killed crawlian's ghost
  5828 | D:6      | Found Gelenapt's Weapon Emporium.
  6346 | D:6      | Lost mutation: You are frail. (-10% HP) [evolution]
  6446 | D:6      | Reached XP level 9. HP: 36/58 MP: 0/17
  6472 | D:6      | Found a stormy altar of Qazlal.
  6600 | D:6      | Found a basalt altar of Yredelemnul.
  7067 | D:7      | Learned a level 2 spell: Blink
  7072 | D:7      | Learned a level 4 spell: Throw Icicle
  7074 | D:7      | Learned a level 1 spell: Apportation
  7347 | D:7      | Found Hitaewon's Book Emporium.
  7515 | D:8      | Noticed Erica
  7704 | D:8      | Reached skill level 7 in Ice Magic
  7791 | D:8      | Noticed a two-headed ogre
  7837 | D:8      | HP: 2/58 [two-headed ogre/giant club (20)]
  7837 | D:8      | Mangled by a two-headed ogre

Vault maps used:
D:1:      minmay_arrival_stone_box, kennysheep_decorative_pillar
D:2:      gammafunk_temple_overflow_wave, first_ration
D:3:      minmay_door_path, marbit_many_paths, grunt_ministairs_6, uniq_natasha,
          uniq_robin, uniq_crazy_yiuf_cottage
D:4:      kennysheep_little_box, serial_shops,
          nicolae_shop_competitors_out_of_business, uniq_duvessa
D:5:      minmay_temple_entry_poolview, guppyfry_shop_venom
D:6:      yredelemnul_forgotten_temple_becter, lemuel_coloured_pillars_altar,
          serial_shops, shop, wad_floor_pattern_1, minmay_tree_intersection,
          wad_floor_pattern_untrapped, uniq_menkaure
D:7:      serial_shops, shop
D:8:      uniq_erica
Temple:   jpeg_temple_island

Skill      XL: |  1  2  3  4  5  6  7  8  9 |
---------------+----------------------------+-----
Fighting       | 1 2 3 4 |  4.0
Spellcasting   | 3 4 5 6 |  6.0
Ice Magic      | 4 5 6 7 |  7.0
Dodging        | 3 4 |  4.7
Summonings     | 1 3 4 |  4.8
Stealth        | |  2.6
Conjurations   | |  1.7

Action                   |  1- 3 |  4- 6 |  7- 9 || total
-------------------------+-------+-------+-------++-------
Melee: Unarmed           |    30 |       |       ||    30
       Constrict         |    23 |    31 |    39 ||    93
       Tentacles         |    11 |    16 |    32 ||    59
       Dagger            |    47 |   124 |   173 ||   344
 Cast: Freeze            |    10 |    21 |    41 ||    72
       Ozocubu's Armour  |     1 |    17 |    27 ||    45
       Summon Ice Beast  |       |     2 |    33 ||    35
  Use: Scroll            |       |     3 |       ||     3
       Potion            |       |       |     7 ||     7
 Stab: Sleeping          |     8 |    11 |     6 ||    25
       Distracted        |       |     1 |       ||     1
  Eat: Chunk             |     2 |     5 |     6 ||    13
       Ration            |       |     1 |     4 ||     5
Armor: Skin              |    13 |    36 |    60 ||   109
Dodge: Dodged            |    58 |    84 |   124 ||   266

Table legend:
 A = Spawn XP
 B = Non-spawn XP
 C = Spawn XP percentage of total XP
 D = Spawn monster count
 E = Non-spawn monster count
 F = Spawn count percentage of total count
 G = Total turns spent on level
                    A         B        C        D         E        F      G
               +---------+---------+-------+---------+---------+-------+---------
         Total |       0 |    3051 |   0.0 |       0 |     150 |   0.0 |  7837
               +---------+---------+-------+---------+---------+-------+---------
           D:1 |       0 |      31 |   0.0 |       0 |      19 |   0.0 |  1066
           D:2 |       0 |      51 |   0.0 |       0 |      18 |   0.0 |   714
           D:3 |       0 |     192 |   0.0 |       0 |      31 |   0.0 |   719
           D:4 |       0 |     510 |   0.0 |       0 |      24 |   0.0 |  1143
           D:5 |       0 |     744 |   0.0 |       0 |      17 |   0.0 |  1288
           D:6 |       0 |     862 |   0.0 |       0 |      26 |   0.0 |  1384
           D:7 |       0 |     462 |   0.0 |       0 |       8 |   0.0 |   778
           D:8 |       0 |     199 |   0.0 |       0 |       7 |   0.0 |   337
               +---------+---------+-------+---------+---------+-------+---------
